 Dungeon Crawl Stone Soup version 0.17-a0-2122-g03d97ec (webtiles) character file.

444 brucemayne the Chopper (level 6, 0/70 HPs)
             Began as a Demonspawn Berserker on Oct 21, 2015.
             Was a Follower of Trog.
             Killed from afar by an orc warrior (8 damage)
             ... with a wand of draining
             ... on level 8 of the Dungeon.
             The game lasted 00:06:10 (1428 turns).

brucemayne the Chopper (Demonspawn Berserker)       Turns: 1428, Time: 00:06:10

Health: 0/70       AC: 10    Str: 24      XL:     6   Next: 72%
Magic:  6/6        EV: 11    Int:  9      God:    Trog [*.....]
Gold:   105        SH:  0    Dex: 15 (17) Spells: 0 memorised, 5 levels left

rFire  . . .     SeeInvis .     a - +0 hand axe
rCold  . . .     Clarity  .     e - +0 plate armour
rNeg   . . .     SustAt   .     (no shield)
rPois  .         Gourm    .     (helmet restricted)
rElec  .         Spirit   .     (no cloak)
rCorr  .         Warding  .     (gloves unavailable)
rMut   .         Stasis   .     (no boots)
MR     ++...                    (no amulet)
Stlth  ..........               (no ring)
                                (no ring)

@: agile, berserking, regenerating, heavily drained, very quick, very resistant
to hostile enchantments, extremely unstealthy
A: antennae 1, claws 3, hooves 1
a: Berserk, Burn Spellbooks, Renounce Religion


You were on level 8 of the Dungeon.
You worshipped Trog.
Trog was aware of your devotion.
You were hungry.

You visited 2 branches of the dungeon, and saw 8 of its levels.

You collected 105 gold pieces.

Inventory:

Hand Weapons
 a - a +0 hand axe (weapon)
Armour
 b - a +0 animal skin
 d - a +0 scale mail
 e - a +0 plate armour (worn)
 g - a +0 chain mail
 h - a +0 pair of gloves
Wands
 c - a wand of disintegration (13)
Potions
 i - a potion of agility
Books
 j - a book of Power

   Spells                             Type                      Level
   a - Fulminant Prism                Conjuration/Hexes            4
   b - Iskenderun's Mystic Blast      Conjuration                  4
   c - Venom Bolt                     Conjuration/Poison           5
   d - Bolt of Magma                  Conjuration/Fire/Earth       5
   e - Iron Shot                      Conjuration/Earth            6
   f - Orb of Destruction             Conjuration                  7
   g - Spellforged Servitor           Conjuration/Summoning        7
   Trog disapproves of the use of such an item.
Comestibles
 f - a meat ration
 l - 2 chunks of flesh


   Skills:
 - Level 3.0(1.6) Fighting
 + Level 7.0(5.5) Axes
 - Level 1.7(0.4) Armour
 - Level 1.7(0.4) Dodging


You had 5 spell levels left.
You didn't know any spells.

Dungeon Overview and Level Annotations

Branches:
Dungeon (8/15)             Temple (1/1) D:6
   Lair: D:8-11

Altars:
Ashenzari
Cheibriados
Gozag
Makhleb
Okawaru
Qazlal
Ru
Sif Muna
Trog
Xom
Zin
The Shining One

Annotations:
D:8 brucemayne's ghost, novice HOBe


Innate Abilities, Weirdness & Mutations

You have a pair of small antennae on your head.
You have claws for hands.
You have large cloven feet.


Message History

The rat closely misses you.
Unknown command.
You feel a strong urge to attack something.
The orc shouts!
The orc warrior hits you with a scimitar!
* * * LOW HITPOINT WARNING * * *
The bat hits you but does no damage.
Something bites the fungus.
Unknown command.
You hit the orc warrior.
You kick the orc warrior, but do no damage.
The orc warrior is lightly wounded.
You hit the bat.
You kill the bat!
Trog accepts your kill.
The crocodile bites the fungus!
You slash the orc warrior! Your kick misses the orc warrior.
The orc warrior is heavily wounded.
You closely miss the rat.
The orc warrior zaps a wand.
The bolt of negative energy hits you!
You feel drained.
You die...

.##.#..# .##....#
.####.## ..# #.# ..###.#
...##'##### ...#......#
...#......#########
...........o...o@.#
..#.......#######r#
..#.......# #.o{orr#
..#.......##......t...#
..#...o...#..P.WrP.P...#
..#.#'#####...P.?......#
###... #..PP.r...PPP..#
# ##.. ##....P####.P...#
# #.. #..P..r# P...P#


You could see an orc warrior, a crocodile, 2 orcs and 3 rats.

Vanquished Creatures
  An orc warrior (D:7)
  2 crocodiles (D:8)
  A centaur skeleton (D:4)
  An orc wizard (D:7)
  A killer bee zombie (D:7)
  2 worker ants (D:7)
  A river rat (D:8)
  4 adders
  4 orcs
  A giant cockroach (D:4)
  3 hobgoblins
  4 jackals (D:2)
  A kobold (D:4)
  A quokka (D:2)
  A ball python (D:2)
  3 bats
  2 giant newts
  4 rats
  A fungus (D:8)
38 creatures vanquished.

Vanquished Creatures (others)
  A rat (D:8)
  13 fungi (D:8)
  9 plants (D:8)
23 creatures vanquished.

Grand Total: 61 creatures vanquished

Notes
Turn   | Place    | Note
--------------------------------------------------------------
     0 | D:1      | brucemayne the Demonspawn Berserker began the quest for the Orb.
     0 | D:1      | Reached XP level 1. HP: 18/18 MP: 1/1
    56 | D:2      | Gained mutation: You have sharp fingernails. [demonic ancestry]
    56 | D:2      | Reached XP level 2. HP: 24/24 MP: 2/2
   297 | D:2      | Reached XP level 3. HP: 12/29 MP: 3/3
   406 | D:3      | Reached skill level 4 in Axes
   526 | D:4      | Gained mutation: You have a pair of small antennae on your head. [demonic ancestry]
   526 | D:4      | Reached XP level 4. HP: 10/35 MP: 4/4
   574 | D:4      | Found a sacrificial altar of Ru.
   597 | D:4      | Reached ** piety under Trog
   606 | D:4      | You fall through a shaft for 2 floors!
   713 | D:7      | Noticed an orc warrior
   773 | D:7      | Killed an orc warrior
   773 | D:7      | Reached skill level 5 in Axes
   773 | D:7      | Gained mutation: You have very sharp fingernails. [demonic ancestry]
   773 | D:7      | Reached XP level 5. HP: 4/41 MP: 5/5
   778 | D:7      | Gained mutation: You have large cloven feet. [potion of mutation]
   778 | D:7      | Gained mutation: You can spit weak poison. [potion of mutation]
   778 | D:7      | Lost mutation: You can spit weak poison. [potion of mutation]
   786 | D:7      | Reached skill level 6 in Axes
   927 | D:8      | Noticed brucemayne's ghost (novice HOBe)
   938 | D:8      | Noticed an orc warrior
   951 | D:8      | HP: 1/61 [crocodile (15)]
   953 | D:8      | Gained mutation: You have claws for hands. [demonic ancestry]
   953 | D:8      | Reached XP level 6. HP: 2/47 MP: 6/6
  1007 | D:6      | Found a staircase to the Ecumenical Temple.
  1007 | D:6      | Noticed a phantom
  1016 | Temple   | Entered the Ecumenical Temple
  1385 | D:7      | Reached skill level 7 in Axes
  1387 | D:7      | Noticed a phantom
  1428 | D:8      | Killed from afar by an orc warrior

Vault maps used:
D:1:      scummos_arrival_forest, nicolae_ashenzari_panopticon
D:2:      grunt_gozag_breadcrumbs
D:3:      grunt_temple_overflow_open, first_bread, grunt_ministairs_8,
          nicolae_qazlal_style_of_elements, uniq_terence
D:4:      nicolae_dithmenos_through_a_glass_darkly, enter_ossuary_3,
          st_stairs_11, nicolae_ru_great_annihilating_truth, uniq_edmund
D:6:      temple_statues
D:7:      lemuel_round_altar
D:8:      fedhas_bush_and_centaur_altar, grunt_lair_entry_elf_guard_hut,
          grunt_ogre_cave
Temple:   minmay_crystal_spiral_temple_12

Action                   |  1- 3 |  4- 6 || total
-------------------------+-------+-------++-------
Melee: Hand axe          |    65 |   100 ||   165
Invok: Berserk           |     5 |     5 ||    10
       Trog's Hand       |       |     6 ||     6
Evoke: Wand              |       |     1 ||     1
  Use: Potion            |       |     7 ||     7
       Scroll            |       |     1 ||     1
 Stab: Paralysed         |       |     5 ||     5
       Invisible         |       |     1 ||     1
  Eat: Chunk             |     3 |     3 ||     6
       Pizza             |       |     1 ||     1
       Bread ration      |       |     1 ||     1
